[Event "Titled Tuesday Blitz October 31 Late 2023"]
[White "Santos Flores, Alberto"]
[Black "Shapiro, Daniel"]
[WhiteFideId "3601234"]
[BlackFideId "2001780"]
[WhiteElo "2488"]
[BlackElo "2320"]
[Result "1-0"]
[Round "7"]
[TimeControl "180+1"]
[Date "2023.10.31"]
[WhiteClock "0:00:29"]
[BlackClock "0:00:00"]
[Board "102"]

1. e4 c5 2. Nf3 Nc6 3. Nc3 d6 4. d4 cxd4 5. Nxd4 Nf6 6. Bg5 Qb6 7. Ndb5 a6 8. Bxf6 gxf6 9. Nd5 Qa5+ 10. Nbc3 Bg7 11. Qh5 e6 12. Nf4 Qg5 13. g3 Bd7 14. O-O-O Qxh5 15. Nxh5 Bh6+ 16. f4 Ke7 17. Be2 Rhd8 18. h4 b5 19. Bf3 Rac8 20. g4 Na5 21. g5 fxg5 22. hxg5 Bf8 23. Nf6 h6 24. Nxd7 Rxd7 25. gxh6 Rdd8 26. Rdg1 Kd7 27. e5 Be7 28. Ne4 dxe5 29. fxe5 Rh8 30. Rg7 Rcf8 31. Nf6+ Bxf6 32. exf6 Nc4 33. h7 Kc7 34. Bh5 Nd6 35. Rd1 Ne8 36. Bxf7 Nxf6 37. Bxe6+ Kc6 38. Bf5 Ne8 39. Rg6+ Kc5 40. Rg5 Kc6 41. Bd3 1-0


[Site "https://www.chess.com"]

[Event "Titled Tuesday Blitz October 31 Late 2023"]
[White "Czerw, Dawid"]
[Black "Zivic, Dragan"]
[WhiteFideId "1145746"]
[BlackFideId "904740"]
[WhiteElo "2475"]
[BlackElo "2315"]
[Result "1-0"]
[Round "7"]
[TimeControl "180+1"]
[Date "2023.10.31"]
[WhiteClock "0:01:56"]
[BlackClock "0:01:11"]
[Board "103"]

1. d4 Nf6 2. c4 e6 3. Nc3 Bb4 4. f3 d5 5. a3 Bxc3+ 6. bxc3 O-O 7. e3 c5 8. cxd5 exd5 9. Bd3 b6 10. Ne2 Ba6 11. O-O Bxd3 12. Qxd3 Nc6 13. Bb2 c4 14. Qd2 Re8 15. Ng3 h5 16. Rae1 h4 17. Nf5 h3 18. g4 g6 19. Ng3 Qd7 20. Bc1 Re6 21. Qf2 Rae8 22. g5 Nh5 23. Nxh5 gxh5 24. Qh4 Rg6 25. Qxh5 Qf5 26. e4 Qe6 27. f4 Ne7 28. f5 Nxf5 29. exf5 Qxe1 30. Rxe1 Rxe1+ 31. Kf2 1-0


[Site "https://www.chess.com"]

[Event "Titled Tuesday Blitz October 31 Late 2023"]
[White "Tworuszka, Michal"]
[Black "Skaric, Djuro"]
[WhiteFideId "1117858"]
[BlackFideId "934569"]
[WhiteElo "2450"]
[BlackElo "2309"]
[Result "1-0"]
[Round "7"]
[TimeControl "180+1"]
[Date "2023.10.31"]
[WhiteClock "0:00:15"]
[BlackClock "0:01:35"]
[Board "104"]

1. e4 d6 2. d4 g6 3. f3 Bg7 4. c4 Nf6 5. Nc3 O-O 6. Bg5 h6 7. Be3 Nc6 8. Nge2 e5 9. d5 Ne7 10. Qd2 Kh7 11. O-O-O Nfg8 12. g4 a6 13. Ng3 b6 14. Bd3 Bd7 15. h4 Kh8 16. Qe2 Rb8 17. g5 h5 18. f4 exf4 19. Bxf4 Bg4 20. Qd2 f5 21. Rdf1 fxe4 22. Ngxe4 Nf5 23. Be2 Bxe2 24. Qxe2 Qe7 25. Ng3 Rbe8 26. Qxe7 Rxe7 27. Nxf5 Rxf5 28. Bd2 Ref7 29. Re1 Be5 30. Kd1 Rf2 31. Ne4 Rg2 32. Reg1 Rxg1+ 33. Rxg1 Bxb2 34. Nc3 Rf3 35. Kc2 Ba3 36. Re1 Bc5 37. Re8 Kg7 38. Rc8 Rf7 39. Kd3 Bf2 40. Ne4 Bxh4 41. Bc3+ Nf6 42. Bxf6+ Rxf6 43. gxf6+ Bxf6 44. Nxf6 Kxf6 45. Rxc7 1-0


[Site "https://www.chess.com"]

[Event "Titled Tuesday Blitz October 31 Late 2023"]
[White "PapaieDudu"]
[Black "Koc, Przemyslaw"]
[BlackFideId "1109081"]
[WhiteElo "2306"]
[BlackElo "2449"]
[Result "1-0"]
[Round "7"]
[TimeControl "180+1"]
[Date "2023.10.31"]
[WhiteClock "0:03:00"]
[BlackClock "0:02:51"]
[Board "105"]

1. e4 e5 2. Nf3 Nf6 3. Nc3 Nc6 4. Bc4 Nxe4 5. Nxe4 d5 6. Bd3 dxe4 7. Bxe4 f5 8. Bxc6+ bxc6 9. d4 e4 10. Ne5 Bd6 11. Qh5+ g6 12. Nxg6 hxg6 13. Qxh8+ Ke7 14. Bg5+ 1-0


[Site "https://www.chess.com"]

[Event "Titled Tuesday Blitz October 31 Late 2023"]
[White "Fominykh, Maria"]
[Black "Liu, Casper"]
[WhiteFideId "4142411"]
[BlackFideId "1454153"]
[WhiteElo "2303"]
[BlackElo "2437"]
[Result "1-0"]
[Round "7"]
[TimeControl "180+1"]
[Date "2023.10.31"]
[WhiteClock "0:01:17"]
[BlackClock "0:00:44"]
[Board "106"]

1. d4 Nf6 2. c4 g6 3. Nc3 Bg7 4. e4 O-O 5. Nf3 d6 6. h3 c5 7. d5 e6 8. Be3 exd5 9. exd5 Re8 10. Be2 Qb6 11. Qd2 Ne4 12. Nxe4 Rxe4 13. Rb1 f5 14. O-O Nd7 15. Ng5 Re8 16. Ne6 Bf6 17. b4 Rxe6 18. dxe6 Ne5 19. bxc5 Qd8 20. cxd6 Bxe6 21. Rxb7 Nxc4 22. Bxc4 Bxc4 23. Rc1 Be6 24. Rcc7 Be5 25. Bf4 Qf6 26. Bxe5 Qxe5 27. Qh6 1-0


[Site "https://www.chess.com"]

[Event "Titled Tuesday Blitz October 31 Late 2023"]
[White "Schut, Han"]
[Black "Gabdushev, Ruslan"]
[WhiteFideId "1005561"]
[BlackFideId "4137833"]
[WhiteElo "2300"]
[BlackElo "2414"]
[Result "0-1"]
[Round "7"]
[TimeControl "180+1"]
[Date "2023.10.31"]
[WhiteClock "0:00:00"]
[BlackClock "0:00:42"]
[Board "107"]

1. e4 Nc6 2. Nf3 d6 3. d4 Bg4 4. d5 Nb8 5. c4 Nf6 6. Nc3 c6 7. Be2 Bxf3 8. Bxf3 Nbd7 9. O-O g6 10. Bf4 Bg7 11. Qd2 O-O 12. Bh6 Bxh6 13. Qxh6 Qb6 14. Qd2 Qb4 15. b3 Nc5 16. Rad1 Nfd7 17. dxc6 bxc6 18. Nd5 Qb7 19. Nxe7+ Kg7 20. Qxd6 Rae8 21. Nxc6 Re6 22. Qd4+ Kg8 23. Na5 Qb6 24. Bg4 Rxe4 25. Qd6 Rxg4 26. Nc6 Re4 27. b4 Rxc4 28. bxc5 Nxc5 29. Ne7+ Kg7 0-1


[Site "https://www.chess.com"]

[Event "Titled Tuesday Blitz October 31 Late 2023"]
[White "Bazzano, Sebastian"]
[Black "el_sporco"]
[WhiteFideId "104566"]
[WhiteElo "2274"]
[BlackElo "2408"]
[Result "1/2-1/2"]
[Round "7"]
[TimeControl "180+1"]
[Date "2023.10.31"]
[WhiteClock "0:00:28"]
[BlackClock "0:00:04"]
[Board "108"]

1. d4 Nf6 2. Bf4 e6 3. e3 c5 4. c3 cxd4 5. exd4 d6 6. Nd2 Be7 7. Ngf3 O-O 8. h3 b6 9. Bd3 Bb7 10. O-O Nbd7 11. Re1 Rc8 12. Nc4 Qc7 13. a4 Ba6 14. Nxd6 Bxd6 15. Bxd6 Qxd6 16. Bxa6 Rcd8 17. Bb5 Nb8 18. Qe2 Nd5 19. Ne5 Nc7 20. Bd3 g6 21. Ng4 Kg7 22. Rad1 Nd5 23. Qe5+ Qxe5 24. dxe5 h5 25. Ne3 Nc6 26. Nxd5 Rxd5 27. f4 Rfd8 28. Bc2 Rxd1 29. Rxd1 Rxd1+ 30. Bxd1 g5 31. g3 h4 32. Kf2 f6 33. exf6+ Kxf6 34. fxg5+ Kxg5 35. gxh4+ Kxh4 36. Bg4 e5 37. Ke3 Na5 38. Ke4 Nc4 39. Bd7 Nxb2 40. Kxe5 Nd1 41. c4 Nc3 42. Kd6 Ne4+ 43. Kc7 Nc5 44. Kb8 Nxd7+ 45. Kxa7 Kxh3 46. Ka6 Kg4 47. a5 bxa5 48. Kxa5 Kf5 49. c5 Ke6 50. Ka4 Kd5 51. c6 Kxc6 1/2-1/2


[Site "https://www.chess.com"]

[Event "Titled Tuesday Blitz October 31 Late 2023"]
[White "Slavin, Alexey"]
[Black "Mushini Ajay"]
[WhiteFideId "24104388"]
[BlackFideId "35066188"]
[WhiteElo "2260"]
[BlackElo "2406"]
[Result "1-0"]
[Round "7"]
[TimeControl "180+1"]
[Date "2023.10.31"]
[WhiteClock "0:00:12"]
[BlackClock "0:00:18"]
[Board "109"]

1. e4 c5 2. g3 d6 3. Bg2 Nf6 4. Ne2 g6 5. Nbc3 Bg7 6. O-O O-O 7. a3 Nc6 8. Rb1 Rb8 9. b4 cxb4 10. axb4 e6 11. b5 Na5 12. d3 Bd7 13. Bd2 b6 14. h3 Rc8 15. f4 e5 16. f5 Qc7 17. g4 gxf5 18. gxf5 d5 19. Nxd5 Nxd5 20. exd5 Qxc2 21. Bxa5 Qxd1 22. Rfxd1 bxa5 23. Be4 Rb8 24. Nc3 Rfc8 25. Rb3 Rc5 26. Ra1 Rbc8 27. Ne2 Rxb5 28. Rxb5 Bxb5 29. Rxa5 a6 30. Kf2 Bf8 31. Ra2 Bb4 32. Ke3 f6 33. Ng3 Kf7 34. Nh5 a5 35. Rg2 Bc5+ 36. Kd2 Bf8 37. d6 Bh6+ 38. Ke1 Rc1+ 39. Kf2 Rc2+ 40. Kg3 Rxg2+ 41. Bxg2 Bxd3 42. Bd5+ Ke8 43. Nxf6+ Kd8 44. Be6 Bf8 45. d7 e4 46. Kf4 Bd6+ 47. Ke3 a4 48. Nxh7 Bc5+ 49. Kd2 a3 50. f6 Bb5 51. f7 Bxd7 52. Bxd7 Kxd7 53. Nf6+ Ke6 54. Nxe4 Bb4+ 55. Kc2 a2 56. Kb2 Kxf7 57. Kxa2 Kg6 58. Kb3 Kh5 59. Kxb4 Kh4 60. Nf2 Kg3 61. Kc3 Kxf2 62. h4 Kg3 63. h5 Kf4 64. h6 1-0


[Site "https://www.chess.com"]

[Event "Titled Tuesday Blitz October 31 Late 2023"]
[White "Hoffmann, Asa"]
[Black "Quirke, Jeffrey"]
[WhiteFideId "2001470"]
[BlackFideId "2013029"]
[WhiteElo "2405"]
[BlackElo "2235"]
[Result "1-0"]
[Round "7"]
[TimeControl "180+1"]
[Date "2023.10.31"]
[WhiteClock "0:01:15"]
[BlackClock "0:00:00"]
[Board "110"]

1. d4 Nf6 2. Bg5 d5 3. Nd2 Bf5 4. f3 Nbd7 5. c4 c6 6. Qb3 Qb6 7. c5 Qc7 8. e3 e6 9. Bd3 Bxd3 10. Qxd3 Be7 11. Ne2 e5 12. O-O O-O 13. Nc3 Rfe8 14. Rae1 Bf8 15. Bh4 g6 16. Bg3 Nh5 17. Bf2 Bg7 18. b4 exd4 19. exd4 Nf4 20. Qc2 Nf6 21. b5 N6h5 22. a4 Qd7 23. Nb3 Qf5 24. Qxf5 gxf5 25. g3 Nd3 26. Rd1 Nxf2 27. Kxf2 f4 28. g4 Nf6 29. Rfe1 h5 30. h3 Nd7 31. Na5 Rxe1 32. Kxe1 Re8+ 33. Kf2 Re3 34. bxc6 bxc6 35. Ne2 hxg4 36. hxg4 Ra3 37. Nxc6 Rxa4 38. Nxf4 1-0


[Site "https://www.chess.com"]

[Event "Titled Tuesday Blitz October 31 Late 2023"]
[White "Alfaro, William"]
[Black "ChessLebaneseSalah"]
[WhiteFideId "6100457"]
[WhiteElo "2202"]
[BlackElo "2403"]
[Result "0-1"]
[Round "7"]
[TimeControl "180+1"]
[Date "2023.10.31"]
[WhiteClock "0:01:10"]
[BlackClock "0:00:13"]
[Board "111"]

1. e4 c5 2. g3 Nc6 3. Bg2 g6 4. Ne2 Bg7 5. O-O e6 6. c3 Nge7 7. d4 cxd4 8. cxd4 d5 9. exd5 Nxd5 10. Nbc3 O-O 11. h3 a6 12. a4 b6 13. Nxd5 exd5 14. Nc3 Nxd4 15. Nxd5 Bb7 16. Nf6+ Qxf6 17. Bxb7 Rad8 18. Ra3 Rfe8 19. Rd3 Ne2+ 20. Kh2 Rxd3 21. Qxd3 Nxc1 22. Rxc1 Qxf2+ 23. Bg2 Re2 24. Rc8+ Bf8 25. Qd5 Kg7 26. Rc1 Bd6 27. Rf1 Qxg3+ 28. Kh1 Qh2# 0-1


[Site "https://www.chess.com"]

[Event "Titled Tuesday Blitz October 31 Late 2023"]
[White "Djordjevic, Dejan N"]
[Black "Friedland, Moshe"]
[WhiteFideId "913316"]
[BlackFideId "2812843"]
[WhiteElo "2043"]
[BlackElo "2403"]
[Result "0-1"]
[Round "7"]
[TimeControl "180+1"]
[Date "2023.10.31"]
[WhiteClock "0:00:00"]
[BlackClock "0:00:10"]
[Board "112"]

1. e4 c5 2. Nc3 d6 3. g3 Nf6 4. Bg2 g6 5. h3 Bg7 6. Nge2 O-O 7. O-O Nc6 8. d3 Rb8 9. Be3 Nd7 10. d4 cxd4 11. Nxd4 Nde5 12. b3 Bd7 13. Nd5 e6 14. Nc3 Qa5 15. Nce2 Nxd4 16. Bxd4 Rfd8 17. c4 b5 18. cxb5 Bxb5 19. Re1 Nd3 20. Rf1 Bxd4 21. Nxd4 e5 22. Nxb5 Qxb5 23. Qd2 a5 24. Rad1 Nc5 25. f4 Ne6 26. f5 Nd4 27. f6 Qe2 28. Qh6 Ne6 29. Rd2 Qh5 30. Qxh5 gxh5 31. h4 Nd4 32. Rfd1 a4 33. bxa4 Rb4 34. a5 Ra8 35. Rc1 h6 36. Rc7 Rxa5 37. Rd7 Ra6 38. Kf2 Rc6 39. Bf3 d5 40. Bxh5 Rxf6+ 41. Ke3 dxe4 42. a3 Ra4 43. R7xd4 exd4+ 44. Rxd4 Rxa3+ 45. Kxe4 Rxg3 46. Rd8+ Kg7 47. Bd1 Rh3 48. h5 Rh4+ 49. Ke3 Rhf4 50. Be2 R4f5 51. Bd1 Re5+ 0-1


[Site "https://www.chess.com"]

[Event "Titled Tuesday Blitz October 31 Late 2023"]
[White "VitaliyChayka"]
[Black "Lopez Idarraga, Daniel Eduardo"]
[BlackFideId "4405501"]
[WhiteElo "2162"]
[BlackElo "2401"]
[Result "0-1"]
[Round "7"]
[TimeControl "180+1"]
[Date "2023.10.31"]
[WhiteClock "0:00:00"]
[BlackClock "0:01:29"]
[Board "113"]

1. d4 d5 2. Bf4 c5 3. e3 cxd4 4. exd4 Nc6 5. c3 Nf6 6. Nf3 Bg4 7. Nbd2 e6 8. Bd3 Bd6 9. Bg3 O-O 10. Qb3 Bxf3 11. Nxf3 Bxg3 12. hxg3 Qc7 13. O-O b5 14. Rfe1 Rab8 15. a3 Na5 16. Qc2 Nc4 17. Ne5 a5 18. Re2 h6 19. Rae1 Nxe5 20. Rxe5 b4 21. axb4 axb4 22. f3 Rfc8 23. R1e3 Kf8 24. Ba6 Rd8 25. g4 bxc3 26. bxc3 Rb6 27. Bf1 Rc6 28. g5 hxg5 29. Rxg5 Rc8 30. Qf2 Rxc3 31. Rxc3 Qxc3 32. Qh4 Qe3+ 33. Kh2 Rc1 34. Qg3 Rxf1 35. Qb8+ Ne8 36. Qb4+ Kg8 37. Rg4 Qg1+ 38. Kg3 Qf2+ 39. Kh2 Qe1 0-1


[Site "https://www.chess.com"]

[Event "Titled Tuesday Blitz October 31 Late 2023"]
[White "Martinez Reyes, Pedro Ramon"]
[Black "Bokros, Albert"]
[WhiteFideId "3901807"]
[BlackFideId "710458"]
[WhiteElo "2607"]
[BlackElo "2328"]
[Result "1-0"]
[Round "7"]
[TimeControl "180+1"]
[Date "2023.10.31"]
[WhiteClock "0:02:11"]
[BlackClock "0:01:03"]
[Board "114"]

1. d4 d5 2. c4 e6 3. Nf3 c6 4. Nc3 dxc4 5. e3 b5 6. a4 Bb4 7. Bd2 a5 8. axb5 Bxc3 9. bxc3 cxb5 10. Qb1 Bd7 11. Ne5 Nf6 12. Be2 O-O 13. O-O Be8 14. f4 Nbd7 15. Qxb5 Nxe5 16. Qxe5 Nd7 17. Qg5 Qxg5 18. fxg5 Nb6 19. Bf3 Ra7 20. e4 a4 21. Be3 Bb5 22. d5 Ra6 23. Rfb1 1-0


[Site "https://www.chess.com"]

[Event "Titled Tuesday Blitz October 31 Late 2023"]
[White "HeroRubiksCube"]
[Black "SlippperyWhenWet"]
[WhiteElo "2490"]
[BlackElo "2312"]
[Result "1/2-1/2"]
[Round "7"]
[TimeControl "180+1"]
[Date "2023.10.31"]
[WhiteClock "0:01:01"]
[BlackClock "0:01:58"]
[Board "115"]

1. e4 e6 2. d3 d5 3. Nd2 Nc6 4. g3 dxe4 5. dxe4 e5 6. Bg2 Be6 7. Ngf3 f6 8. O-O Qd7 9. c3 O-O-O 10. Qa4 Kb8 11. b4 Nce7 12. Qxd7 Rxd7 13. Nb3 Nc8 14. Be3 b6 15. Rfd1 Bd6 16. Bf1 Nge7 17. Nbd2 Rhd8 18. Nc4 Kb7 19. Kg2 c6 20. a4 a6 21. a5 b5 22. Nb6 Nxb6 23. Bxb6 Bc7 24. Bxc7 Kxc7 25. Be2 Bg4 26. Rxd7+ Rxd7 27. Rd1 Rxd1 28. Bxd1 Bxf3+ 29. Kxf3 Kd6 30. Bb3 c5 31. Ke3 Nc6 32. Bd5 cxb4 33. Bxc6 Kxc6 34. cxb4 Kd6 35. Kf3 Ke6 36. Kg4 g6 37. h4 h5+ 38. Kf3 Kd6 39. Ke3 Ke6 40. f3 f5 41. f4 Kf6 42. Kf3 Ke6 43. exf5+ Kxf5 44. fxe5 Kxe5 45. Ke3 Kd5 46. Kd3 Ke5 47. Ke3 Kd5 48. Kd3 Ke5 49. Ke3 1/2-1/2


[Site "https://www.chess.com"]

[Event "Titled Tuesday Blitz October 31 Late 2023"]
[White "Fernandez, Maria Florencia"]
[Black "Arutla, Aditya"]
[WhiteFideId "116459"]
[BlackFideId "30961998"]
[WhiteElo "2315"]
[BlackElo "2434"]
[Result "1-0"]
[Round "7"]
[TimeControl "180+1"]
[Date "2023.10.31"]
[WhiteClock "0:01:26"]
[BlackClock "0:02:08"]
[Board "116"]

1. d4 d5 2. c4 c6 3. Nc3 Nf6 4. Nf3 e6 5. e3 Nbd7 6. Qc2 Bd6 7. b3 O-O 8. Bb2 Re8 9. Be2 b6 10. O-O Bb7 11. Rfd1 Qe7 12. Rac1 Rac8 13. Bf1 Red8 14. e4 dxe4 15. Nxe4 Nxe4 16. Qxe4 Nf6 17. Qh4 c5 18. Ne5 cxd4 19. Bxd4 Bc5 20. Bb2 Rxd1 21. Rxd1 Rd8 22. Rxd8+ Qxd8 23. Ng4 Bd4 24. Bxd4 Qxd4 25. Nh6+ 1-0


[Site "https://www.chess.com"]

[Event "Titled Tuesday Blitz October 31 Late 2023"]
[White "Romero Ruscalleda, Josep"]
[Black "Todorovic, Bojan"]
[WhiteFideId "2231859"]
[BlackFideId "917087"]
[WhiteElo "2310"]
[BlackElo "2376"]
[Result "0-1"]
[Round "7"]
[TimeControl "180+1"]
[Date "2023.10.31"]
[WhiteClock "0:00:20"]
[BlackClock "0:00:20"]
[Board "117"]

1. e4 e5 2. Nf3 Nc6 3. Bc4 Be7 4. d4 d6 5. Be3 Nf6 6. Nc3 O-O 7. h3 Nxe4 8. Nxe4 d5 9. Bd3 dxe4 10. Bxe4 exd4 11. Nxd4 Nxd4 12. Bxd4 Bf6 13. Bxf6 Qxf6 14. O-O Qxb2 15. Rb1 Qxa2 16. Bxb7 Bxb7 17. Rxb7 Qc4 18. Qd7 Rfc8 19. Rxa7 Qxc2 20. Re1 h6 21. Rxa8 Rxa8 22. Re8+ Rxe8 23. Qxe8+ Kh7 24. Qxf7 c5 25. f4 c4 26. f5 Qd1+ 27. Kh2 Qd6+ 28. Kh1 c3 29. Qc4 Qe5 30. Qc6 Kg8 31. Kg1 Qd4+ 32. Kh2 Qe5+ 33. Kg1 Kf7 34. Kf2 Qd4+ 35. Kf3 Qd1+ 36. Kg3 Qe1+ 37. Kh2 Qe5+ 38. Kg1 Ke7 39. Kf2 Qxf5+ 40. Ke2 Qe6+ 41. Qxe6+ Kxe6 42. Kd3 Ke5 43. Kxc3 Kf4 44. Kd4 Kg3 45. Ke5 Kxg2 46. h4 Kg3 47. Kf5 Kxh4 48. Kg6 Kg4 49. Kxg7 h5 50. Kg6 h4 0-1


[Site "https://www.chess.com"]

[Event "Titled Tuesday Blitz October 31 Late 2023"]
[White "Martinez, Shawn"]
[Black "pinguino120"]
[WhiteFideId "2039770"]
[WhiteElo "2355"]
[BlackElo "2240"]
[Result "1-0"]
[Round "7"]
[TimeControl "180+1"]
[Date "2023.10.31"]
[WhiteClock "0:00:07"]
[BlackClock "0:00:18"]
[Board "118"]

1. e4 c6 2. Nc3 g6 3. Nf3 Bg7 4. d4 d5 5. e5 Nh6 6. h3 O-O 7. Bf4 f6 8. Qd2 Nf7 9. Bd3 fxe5 10. dxe5 Be6 11. O-O-O Nd7 12. Rde1 b5 13. Kb1 b4 14. Ne2 c5 15. Bb5 Rb8 16. Bxd7 Qxd7 17. Nc1 a5 18. Ng5 Nxg5 19. Bxg5 c4 20. Qd4 a4 21. g4 a3 22. b3 Qc7 23. Re2 Rfc8 24. h4 cxb3 25. Nxb3 Qc4 26. Rhe1 Kf7 27. Bc1 Rc6 28. f3 Rbc8 29. h5 Qxd4 30. Nxd4 Rc4 31. hxg6+ hxg6 32. Rd1 Rb8 33. Nb3 Rb6 34. Rd4 Ke8 35. f4 Kd7 36. f5 gxf5 37. gxf5 Bxf5 38. Rf2 Bxe5 39. Rxf5 Bxd4 40. Rxd5+ Kc6 41. Rxd4 Rxd4 42. Nxd4+ Kd5 43. Nb3 e5 44. c3 bxc3 45. Kc2 Rc6 46. Bxa3 e4 47. Nc1 e3 48. Ne2 Ke4 49. Bb4 Kf3 50. Nd4+ Kf2 51. Nxc6 e2 52. Bxc3 e1=Q 53. Bxe1+ Kxe1 54. Kb3 1-0


[Site "https://www.chess.com"]

[Event "Titled Tuesday Blitz October 31 Late 2023"]
[White "Elbebiber"]
[Black "KorolDimitriy75"]
[WhiteElo "2165"]
[BlackElo "2344"]
[Result "1/2-1/2"]
[Round "7"]
[TimeControl "180+1"]
[Date "2023.10.31"]
[WhiteClock "0:00:09"]
[BlackClock "0:00:08"]
[Board "119"]

1. f4 c5 2. Nf3 g6 3. e3 Bg7 4. Be2 Nc6 5. O-O d6 6. Bb5 Bd7 7. Nc3 e5 8. fxe5 dxe5 9. e4 h6 10. d3 Nge7 11. Be3 Nd4 12. Bxd7+ Qxd7 13. Qd2 f5 14. exf5 gxf5 15. Rae1 O-O-O 16. b3 b6 17. Na4 Nec6 18. Nxd4 cxd4 19. Bf2 Kb7 20. Nb2 Qd5 21. Nc4 e4 22. dxe4 fxe4 23. Bg3 Rd7 24. Qf2 b5 25. Nd6+ Ka8 26. Qf5 Rxd6 27. Bxd6 Qxd6 28. Qxe4 Be5 29. g3 Re8 30. Qf3 Kb8 31. Kg2 a6 32. Re4 Re7 33. Rfe1 Kc7 34. Qf5 Kb6 35. Qf3 Kc7 36. a4 b4 37. Qf5 Kb6 38. Qf1 Kc7 39. Qc4 Kb7 40. a5 Nxa5 41. Qd3 Nc6 42. Qf3 Kb6 43. Qd3 a5 44. Qc4 Re8 45. Qe2 Re7 46. Qd3 Re8 47. Qe2 Re7 48. Qd3 Re8 49. Qe2 1/2-1/2


[Site "https://www.chess.com"]

[Event "Titled Tuesday Blitz October 31 Late 2023"]
[White "Flameboard08"]
[Black "De Souza, Cristiano Gomes"]
[BlackFideId "2151758"]
[WhiteElo "2581"]
[BlackElo "2236"]
[Result "0-1"]
[Round "7"]
[TimeControl "180+1"]
[Date "2023.10.31"]
[WhiteClock "0:00:00"]
[BlackClock "0:01:13"]
[Board "120"]

1. f4 Nf6 2. Nf3 c5 3. d3 Nc6 4. e4 d6 5. g3 g6 6. Bg2 Bg7 7. O-O O-O 8. Nc3 Rb8 9. h3 b5 10. g4 b4 11. Ne2 Ne8 12. f5 Nc7 13. Ng3 Nb5 14. h4 a5 15. h5 a4 16. Nh4 a3 17. Rb1 e6 18. Nf3 Ne5 19. g5 Nxf3+ 20. Bxf3 exf5 21. exf5 gxf5 22. Qd2 axb2 23. Bxb2 Nc3 24. Ne2 Nxb1 25. Rxb1 Be6 26. Bxg7 Kxg7 27. c4 d5 28. Qe3 dxc4 29. Qe5+ Kg8 30. h6 Qxg5+ 31. Kh1 Qxh6+ 0-1


[Site "https://www.chess.com"]

[Event "Titled Tuesday Blitz October 31 Late 2023"]
[White "LuxLinster"]
[Black "Do Nascimento,Christian Almeida"]
[BlackFideId "2143801"]
[WhiteElo "2265"]
[BlackElo "2562"]
[Result "0-1"]
[Round "7"]
[TimeControl "180+1"]
[Date "2023.10.31"]
[WhiteClock "0:00:00"]
[BlackClock "0:00:13"]
[Board "121"]

1. d4 Nf6 2. c4 e6 3. g3 c5 4. Nf3 cxd4 5. Nxd4 Nc6 6. Bg2 Bb4+ 7. Bd2 Qa5 8. Bxb4 Qxb4+ 9. Nc3 Qxb2 10. Ndb5 Qb4 11. Nc7+ Ke7 12. Nxa8 Qxc3+ 13. Kf1 Qa5 14. Rb1 Rd8 15. Rb5 Qxa2 16. Nc7 Qxc4 17. Rb1 a6 18. h4 b5 19. h5 h6 20. Rh4 Qc5 21. Qb3 d6 22. Nxb5 axb5 23. Qxb5 Qxb5 24. Rxb5 Bd7 25. Rb7 Ne5 26. Ra4 Ke8 27. Raa7 Rc8 28. Rc7 Rb8 29. Rcb7 Rd8 30. f4 Neg4 31. Bf3 Ne3+ 32. Kf2 Ned5 33. g4 Bc6 34. Rxf7 Bd7 35. Rxg7 Nxf4 36. e3 N4d5 37. Rg6 Kf7 38. Rxh6 Kg7 39. Rg6+ Kf7 40. e4 Nc3 41. g5 Ncxe4+ 42. Bxe4 Nxe4+ 43. Ke3 Nc5 44. Rf6+ Ke7 45. Ra1 Rb8 46. Raf1 Rb3+ 47. Kd2 Be8 48. g6 Rh3 49. g7 Ne4+ 0-1


[Site "https://www.chess.com"]

[Event "Titled Tuesday Blitz October 31 Late 2023"]
[White "Lock, Gavin R"]
[Black "Martin Carmona, Gaston Manuel"]
[WhiteFideId "408646"]
[BlackFideId "22284567"]
[WhiteElo "2237"]
[BlackElo "2532"]
[Result "0-1"]
[Round "7"]
[TimeControl "180+1"]
[Date "2023.10.31"]
[WhiteClock "0:00:00"]
[BlackClock "0:01:24"]
[Board "122"]

1. e4 c5 2. Nf3 d6 3. Bb5+ Nc6 4. O-O Bd7 5. Re1 a6 6. Bf1 g6 7. h3 Bg7 8. c3 e5 9. d4 exd4 10. Bf4 Bc8 11. cxd4 Nxd4 12. Nxd4 Bxd4 13. Nc3 Ne7 14. Bh6 Be6 15. Nd5 Bxd5 16. exd5 Qd7 17. Rc1 Bxb2 18. Rb1 Be5 19. f4 Bd4+ 20. Kh1 f6 21. a4 Kf7 22. Bc4 Nf5 0-1


[Site "https://www.chess.com"]

[Event "Titled Tuesday Blitz October 31 Late 2023"]
[White "Broca Jimenez, Fernando"]
[Black "jactorres"]
[WhiteFideId "5104742"]
[WhiteElo "2230"]
[BlackElo "2481"]
[Result "1-0"]
[Round "7"]
[TimeControl "180+1"]
[Date "2023.10.31"]
[WhiteClock "0:01:43"]
[BlackClock "0:01:11"]
[Board "123"]

1. e4 c6 2. d4 d5 3. Nc3 dxe4 4. Nxe4 Nd7 5. Ng5 e6 6. Bd3 Bd6 7. N1f3 Ngf6 8. Qe2 h6 9. Ne4 Nxe4 10. Qxe4 Nf6 11. Qh4 Qc7 12. O-O b6 13. Bd2 Bb7 14. Rfe1 O-O-O 15. Ne5 c5 16. c3 Kb8 17. Rad1 cxd4 18. cxd4 Nd5 19. Rc1 Qe7 20. Qxe7 Bxe7 21. Nxf7 Bf6 22. Nxh8 Rxh8 1-0


[Site "https://www.chess.com"]

[Event "Titled Tuesday Blitz October 31 Late 2023"]
[White "Chocenka, Dmitrijus"]
[Black "Clawitter, Craig"]
[WhiteFideId "12802336"]
[BlackFideId "2023105"]
[WhiteElo "2478"]
[BlackElo "2224"]
[Result "1-0"]
[Round "7"]
[TimeControl "180+1"]
[Date "2023.10.31"]
[WhiteClock "0:00:18"]
[BlackClock "0:00:02"]
[Board "124"]

1. e4 e6 2. d4 d5 3. Nc3 Bb4 4. e5 c5 5. dxc5 d4 6. Qg4 Ne7 7. Ne2 Nbc6 8. a3 Qa5 9. axb4 Qxa1 10. Nb5 O-O 11. Nbxd4 Nxd4 12. Qxd4 Nc6 13. Qc3 Rd8 14. f4 Nd4 15. Qd3 Nc6 16. Qe4 Bd7 17. Kf2 Ne7 18. c4 Bc6 19. Qc2 Rac8 20. b5 Be8 21. b4 Nf5 22. Bb2 Qa2 23. g4 Nh4 24. Kg3 Ng6 25. Bg2 b6 26. c6 Ne7 27. Be4 f5 28. exf6 gxf6 29. Ra1 f5 30. Rxa2 1-0


[Site "https://www.chess.com"]

[Event "Titled Tuesday Blitz October 31 Late 2023"]
[White "ChessDojo"]
[Black "iJueles"]
[WhiteElo "2151"]
[BlackElo "2436"]
[Result "0-1"]
[Round "7"]
[TimeControl "180+1"]
[Date "2023.10.31"]
[WhiteClock "0:01:29"]
[BlackClock "0:01:30"]
[Board "125"]

1. c4 e5 2. Nc3 Nf6 3. Nf3 Nc6 4. g3 Bc5 5. Bg2 d6 6. O-O O-O 7. a3 a5 8. d3 h6 9. b3 Be6 10. Rb1 Qd7 11. Bd2 Bh3 12. e3 Bxg2 13. Kxg2 Bxa3 14. Nb5 Bc5 15. d4 exd4 16. exd4 Bb4 17. d5 Ne7 18. Bxb4 axb4 19. Qd2 Nexd5 20. Nxd6 Qxd6 21. cxd5 Nxd5 22. Rfd1 c6 23. Qd4 Ra2 24. Nh4 Qf6 25. Qxf6 Nxf6 26. Nf5 Nd5 27. Rd4 Re8 28. Rbd1 Ree2 29. Nd6 Ne3+ 0-1


[Site "https://www.chess.com"]

[Event "Titled Tuesday Blitz October 31 Late 2023"]
[White "Petersson, Kjell"]
[Black "Bibasa, Bob"]
[WhiteFideId "1705148"]
[BlackFideId "10000240"]
[WhiteElo "2150"]
[BlackElo "2426"]
[Result "0-1"]
[Round "7"]
[TimeControl "180+1"]
[Date "2023.10.31"]
[WhiteClock "0:00:00"]
[BlackClock "0:00:29"]
[Board "126"]

1. d4 e6 2. Bf4 f5 3. e3 Nf6 4. Bd3 d6 5. Nf3 g6 6. Nc3 Bg7 7. h4 h6 8. Qd2 Qe7 9. e4 fxe4 10. Nxe4 Nbd7 11. O-O-O Nxe4 12. Bxe4 Nf6 13. Bxg6+ Kd8 14. Rhe1 Nd5 15. Bg3 Bd7 16. Kb1 b5 17. h5 Bf6 18. Qa5 Nb6 19. Nd2 Bxd4 20. Nb3 Bg7 21. Bd3 a6 22. Bxd6 Qxd6 23. Be4 Nd5 24. c4 bxc4 25. Nd4 Qb6 26. Qxb6 cxb6 27. Nxe6+ Bxe6 28. Bxd5 Bxd5 29. Rxd5+ Kc8 30. Re7 Bf6 31. Rf7 Bd8 32. Rfd7 Rb8 33. R7d6 Rb7 34. Rc6+ Rc7 35. Rxb6 Re7 36. Rxa6 Re1+ 37. Kc2 Re2+ 38. Kc3 Rxf2 39. Kxc4 Rxb2 40. Kc5 Be7+ 0-1


[Site "https://www.chess.com"]